 Dungeon Crawl Stone Soup version 0.23.0-3-gf3c87f2df8 (webtiles) character file.

Game seed: 698036625196637519

83 Chiseanne the Sneak (level 4, 0/29 HPs)
             Began as an Octopode Warper on Feb 21, 2019.
             Succumbed to an orc wizard's poison
             ... on level 2 of the Dungeon.
             The game lasted 00:02:02 (1620 turns).

Chiseanne the Sneak (Octopode Warper)               Turns: 1620, Time: 00:02:03

Health: 0/29       AC:  1    Str: 10    XL:     4   Next: 44%
Magic:  7/7        EV: 14    Int: 15    God:
Gold:   8          SH:  0    Dex: 12    Spells: 7/7 levels left

rFire    . . .     SeeInvis .   a - +0 short sword
rCold    . . .     Gourm    .   (no shield)
rNeg     . . .     Faith    .   (helmet restricted)
rPois    .         Spirit   .   (no amulet)
rElec    .         Reflect  .   (no ring)
rCorr    .         Harm     .   (no ring)
MR       .....                  (no ring)
Stlth    ++........             (no ring)
HPRegen  0.09/turn              (no ring)
MPRegen  0.10/turn              (no ring)
                                (no ring)
                                (no ring)

@: confused, lethally poisoned (0 -> -6)
A: almost no armour, stealthy swim, amphibious, 8 rings, constrict 8, camouflage
1, gelatinous body 1
a: no special abilities


You were on level 2 of the Dungeon.
You were not hungry.

You visited 1 branch of the dungeon, and saw 2 of its levels.

You collected 8 gold pieces.

Inventory:

Hand Weapons
 a - a +0 short sword (weapon)
Missiles
 d - 5 tomahawks of dispersal (quivered)
 e - 5 needles of sleeping
 i - 10 stones
Jewellery
 h - an uncursed ring of ice
Scrolls
 c - a scroll of blinking
 g - a scroll of teleportation {unknown}
 k - a scroll of identify
Potions
 b - a potion of flight
 j - a potion of brilliance {unknown}
Comestibles
 f - 2 rations
 l - a chunk of flesh


   Skills:
 - Level 2.0 Fighting
 - Level 2.0 Short Blades
 - Level 1.0 Throwing
 * Level 3.7 Dodging
 * Level 3.9 Stealth
 - Level 2.0 Spellcasting
   Level 3.0 Translocations


You had 7 spell levels left.
You didn't know any spells.
Your spell library contained the following spells:

 Spells                   Type           Power        Failure   Level  Hunger
 Blink                    Tloc           N/A          10%         2    ###....
 Shroud of Golubria       Chrm/Tloc      #.........   19%         2    ###....
 Gell's Gravitas          Tloc           ##........   19%         3    ###....
 Lesser Beckoning         Tloc           ##........   19%         3    ###....
 Teleport Other           Tloc           ##......     19%         3    ###....
 Passage of Golubria      Tloc           N/A          54%         4    #####..


Dungeon Overview and Level Annotations

Branches:
Dungeon (2/15)

Altars:
Trog


Innate Abilities, Weirdness & Mutations

You cannot wear most types of armour.
You are very stealthy in the water. (Stealth+)
You are amphibious.
You can wear up to eight rings at the same time.
You can use your tentacles to constrict eight enemies at once.
Your skin changes colour to match your surroundings (Stealth+).
Your rubbery body absorbs attacks. (AC +1, EV +1)


Message History

You feel sick.
The orc wizard gestures at you while chanting.
You resist with some effort.
You feel sick.
The orc wizard casts a spell.
The orc wizard blinks!
You feel sick.
The orc wizard casts a spell.
The orc wizard flickers and vanishes!
Deactivating autopickup; reactivate with Ctrl-A.
You feel sick.
You are confused.
You bump into the rock wall.
You feel sick.
You feel sick.
A magic dart appears from out of thin air!
The magic dart hits you!
* * * LOW HITPOINT WARNING * * *
You see here a quokka corpse.
You bump into the rock wall.
You die...

###############
#.....>.......#
####.###########.#
.....# #@# ######
##.# # #..# # #.##
# # #{# ##.# #o#
.#.#### #o#
......# #.#
.#.##.# #.#


You could see an orc wizard and an orc.

Vanquished Creatures
  3 gnolls (D:2)
  4 adders (D:2)
  A bat (D:1)
  A giant cockroach (D:2)
  2 goblins
  2 hobgoblins (D:1)
  A quokka (D:2)
  4 frilled lizards
  2 kobolds (D:2)
  2 rats
22 creatures vanquished.

Notes
Turn   | Place    | Note
-------+----------+-------------------------------------------
     0 | D:1      | Chiseanne the Octopode Warper began the quest for the Orb.
     0 | D:1      | Reached XP level 1. HP: 14/14 MP: 3/3
   278 | D:1      | Reached skill level 1 in Stealth
   504 | D:1      | Reached XP level 2. HP: 13/19 MP: 5/5
   986 | D:2      | Reached XP level 3. HP: 24/24 MP: 6/6
  1171 | D:2      | Reached XP level 4. HP: 13/29 MP: 7/7
  1343 | D:2      | Found a bloodstained altar of Trog.
  1619 | D:2      | HP: 1/29 [something/magic dart (9)]
  1620 | D:2      | Succumbed to an orc wizard's poison

Skill      XL: |  1  2  3 |
---------------+----------+-----
Stealth        | 1 2 3 |  3.9
Dodging        | 3 |  3.7
Fighting       | |  2.0
Short Blades   | |  2.0
Throwing       | |  1.0
Spellcasting   | |  2.0
Translocations | |  3.0

Action                   |  1- 3 |  4- 6 || total
-------------------------+-------+-------++-------
Melee: Short sword       |    35 |    27 ||    62
       Constrict         |     7 |     4 ||    11
       Tentacles         |     6 |     3 ||     9
  Use: Potion            |     2 |       ||     2
       Scroll            |       |     2 ||     2
 Stab: Sleeping          |     2 |     4 ||     6
  Eat: Chunk             |     1 |     1 ||     2
Armor: Skin              |     1 |       ||     1
Dodge: Dodged            |    19 |    13 ||    32
